 Dungeon Crawl Stone Soup version 0.30-a0-52-g86a8295270 (webtiles) character file.

Game seed: 15187418668312304013

1407 frimble the Ruffian (level 8, -1/61 HPs)
             Began as a Demonspawn Cinder Acolyte on Sept 6, 2022.
             Was a High Priest of Ignis.
             Slain by a bullfrog (3 damage)
             ... on level 6 of the Dungeon.
             The game lasted 00:06:41 (6599 turns).

frimble the Ruffian (Demonspawn Cinder Acolyte)     Turns: 6599, Time: 00:06:42

Health: -1/61      AC:  6    Str: 14    XL:     8   Next: 42%
Magic:  10/10      EV: 10    Int: 16    God:    Ignis [*****.]
Gold:   325        SH:  5    Dex: 11    Spells: 8/10 levels left

rFire   + . .      SeeInvis .      - Unarmed
rCold   . . .      Faith    .    (no shield)
rNeg    . . .      Spirit   .    o - +0 ring mail {rPois}
rPois   +          Reflect  +    (no helmet)
rElec   .          Harm     .    (no cloak)
rCorr   .          Rampage  .    (no gloves)
Will    .....                    l - +0 pair of boots
Stlth   +.........               j - amulet of reflection
HPRegen 0.20/turn                (no ring)
MPRegen 0.24/turn                (no ring)

@: attractive, flying
A: claws 2, foul stench 1, magic regeneration, sturdy frame 1
a: Renounce Religion, Fiery Armour, Foxfire Swarm, Rising Flame


You were on level 6 of the Dungeon.
You worshipped Ignis.
Ignis was extremely pleased with you.
You visited 1 branch of the dungeon, and saw 6 of its levels.

You collected 403 gold pieces.
You spent 78 gold pieces at shops.

Inventory:

Armour
 l - a +0 pair of boots (worn)
 o - a +0 ring mail of poison resistance (worn)
Jewellery
 j - an amulet of reflection (around neck)
Wands
 r - a wand of charming (3)
 s - a wand of flame (19)
Scrolls
 a - 2 scrolls of poison
 b - a scroll of teleportation
 m - a scroll of enchant armour
 n - a scroll of immolation
 q - a scroll of magic mapping
 w - a scroll of acquirement {unknown}
 y - a scroll of identify
Potions
 c - 2 potions of degeneration
 e - 4 potions of flight
 f - a potion of might {unknown}
 g - a potion of heal wounds {unknown}
 h - 2 potions of invisibility {unknown}
 i - a potion of brilliance {unknown}
 k - a potion of attraction
 p - 2 potions of mutation {unknown}
 t - a potion of magic {unknown}
 u - a potion of haste {unknown}
 v - a potion of ambrosia {unknown}
 x - a potion of berserk rage


   Skills:
 + Level 4.5 Fighting
 - Level 0.4 Long Blades
 - Level 7.1 Unarmed Combat
 - Level 1.5 Spellcasting
 - Level 3.0 Fire Magic
 - Level 6.1 Evocations


You had 8 spell levels left.
You knew the following spells:

 Your Spells              Type           Power      Damage    Failure   Level
a - Scorch                Fire           20%        2d6       14%         2

Your spell library contained the following spells:

 Spells                   Type           Power      Damage    Failure   Level
 Petrify                  Tmut/Erth      1%         N/A       97%         4
 Metabolic Englaciation   Hex/Ice        0%         N/A       100%        5
 Statue Form              Tmut/Erth      0%         N/A       100%        6


Dungeon Overview and Level Annotations

Branches:
Dungeon (6/15)
 Temple: D:4-7

Altars:
Makhleb

Shops:
D:1 [:   D:4 ?   D:6 *

Annotations:
D:2 1 runed translucent door, Crazy Yiuf


Innate Abilities, Weirdness & Mutations

You have very sharp fingernails.
You may rarely emit foul miasma when damaged in melee.
You regenerate magic rapidly.
Your movements are slightly less encumbered by armour. (ER -2)


Message History

The bullfrog closely misses you.
The centaur is engulfed in dark miasma.
The centaur looks even sicker.
You kill the centaur!
Your Fighting skill increases to level 4!
You closely miss the bullfrog. You claw the bullfrog!
The bullfrog is almost dead.
You block the bullfrog's attack. The bullfrog hits you.
* * * LOW HITPOINT WARNING * * *
You barely miss the bullfrog.
The bullfrog is almost dead.
The bullfrog hits you.
* * * LOW HITPOINT WARNING * * *
You barely miss the bullfrog.
The bullfrog is almost dead.
The bullfrog hits you!
* * * LOW HITPOINT WARNING * * *
You miss the bullfrog. Your claw misses the bullfrog.
The bullfrog is almost dead.
The bullfrog completely misses you.
You closely miss the bullfrog. Your claw misses the bullfrog.
The bullfrog is almost dead.
You block the bullfrog's attack. The bullfrog hits you.
* * * LOW HITPOINT WARNING * * *
It was a potion of flight.
You feel very buoyant.
You fly up into the air.
The bullfrog hits you.
* * * LOW HITPOINT WARNING * * *
Okay, then.
That's the wrong kind of item! (Use * to select it.) Evoke which item? (* to show all) (? for menu, Esc to quit)
Okay, then.
Unknown command.
Okay, then.
Unknown command.
Okay, then.
Unknown command.
It was a potion of attraction.
You feel attractive to monsters. You block the bullfrog's attack.
The bullfrog hits you.
You die...

#....### #....#. .
#....' ..####....#
..........# ..........#
#### ......F...#
##..#####...h°@..#
#.......#....#'#.####
####......#... #...#).#
..##......#....#...#..#
..##..##..#....'...#..#
..##..##..#....##'###'##
...#......#............#
...#......#............#
.).#......#............#


You could see a bullfrog and a hound.

Vanquished Creatures
  3 vampire mosquitoes (D:6)
  A water moccasin (D:6)
  4 ogres
  A centaur (D:6)
  2 scorpions
  A necrophage (D:5)
  A hound (D:6)
  2 jellies (D:6)
  Ijyb (D:5)
  An orc wizard (D:5)
  2 iguanas
  4 adders
  An ufetubus (D:5)
  7 dart slugs
  3 worms
  10 orcs
  8 ball pythons
  5 endoplasms
  2 giant cockroaches
  3 goblins
  2 hobgoblins
  2 jackals (D:3)
  8 kobolds
  6 bats
  6 frilled lizards
  11 rats
97 creatures vanquished.

Vanquished Creatures (others)
  A bat (D:3)
1 creature vanquished.

Grand Total: 98 creatures vanquished

Notes
Turn   | Place    | Note
-------+----------+-------------------------------------------
     0 | D:1      | frimble the Demonspawn Cinder Acolyte began the quest for
                  | the Orb.
     0 | D:1      | Reached XP level 1. HP: 18/18 MP: 2/2
   375 | D:1      | Gained mutation: You regenerate magic rapidly. [demonic
                  | ancestry]
   375 | D:1      | Reached XP level 2. HP: 23/24 MP: 3/3
   378 | D:1      | Learned a level 2 spell: Scorch
   613 | D:1      | Found Bonuk's Armour Boutique.
   959 | D:1      | Gained mutation: You have sharp fingernails. [demonic
                  | ancestry]
   959 | D:1      | Reached XP level 3. HP: 12/29 MP: 5/5
  1162 | D:1      | Found Pyiboyx's Vocational Training.
  1653 | D:2      | Reached skill level 3 in Unarmed Combat
  1679 | D:2      | You fall into a shaft and drop 1 floor!
  1752 | D:2      | Found a burning altar of Makhleb.
  2344 | D:2      | Found a runed translucent door.
  2345 | D:2      | Noticed Crazy Yiuf
  3033 | D:3      | Reached XP level 4. HP: 25/35 MP: 6/6
  3593 | D:3      | Reached skill level 4 in Unarmed Combat
  4069 | D:4      | Found Bimuurav's Magic Scroll Boutique.
  4080 | D:4      | Bought a scroll of teleportation for 36 gold pieces
  4188 | D:4      | Noticed an ogre
  4195 | D:4      | Killed an ogre
  4196 | D:4      | Reached skill level 5 in Unarmed Combat
  4196 | D:4      | Gained mutation: Your movements are slightly less
                  | encumbered by armour. (ER -2) [demonic ancestry]
  4196 | D:4      | Reached XP level 5. HP: 41/41 MP: 2/7
  4777 | D:5      | Entered Level 5 of the Dungeon
  4884 | D:5      | Noticed an ogre
  4890 | D:5      | Killed an ogre
  4891 | D:5      | Reached XP level 6. HP: 47/47 MP: 3/8
  5227 | D:5      | Reached skill level 6 in Unarmed Combat
  5445 | D:5      | Noticed Ijyb
  5452 | D:5      | Killed Ijyb
  5548 | D:5      | Gained mutation: You may rarely emit foul miasma when
                  | damaged in melee. [demonic ancestry]
  5548 | D:5      | Reached XP level 7. HP: 52/52 MP: 5/9
  5592 | D:5      | Reached skill level 7 in Unarmed Combat
  5874 | D:6      | Found Xiezxit's Assorted Antiques.
  5886 | D:6      | Bought a white potion for 21 gold pieces
  5886 | D:6      | Bought a fuming grey potion for 21 gold pieces
  5919 | D:6      | Reached skill level 1 in Evocations
  6135 | D:6      | Noticed a vampire mosquito
  6135 | D:6      | Noticed a vampire mosquito
  6141 | D:6      | Killed a vampire mosquito
  6143 | D:6      | Killed a vampire mosquito
  6144 | D:6      | Gained mutation: You have very sharp fingernails. [demonic
                  | ancestry]
  6144 | D:6      | Reached XP level 8. HP: 58/58 MP: 10/10
  6243 | D:6      | Reached skill level 5 in Evocations
  6598 | D:6      | HP: 1/61 [bullfrog (4)]
  6599 | D:6      | Slain by a bullfrog

Illustrated notes

Levels and vault maps discovered:
D:1:      co_arrival_random_square_maze, layout_basic, serial_shops, shop,
          nicolae_shop_vocational
D:2:      layout_basic, basic_altar, uniq_crazy_yiuf_cottage
D:3:      layout_rooms, zin_statuary, lemuel_flame_loot_1
D:4:      layout_rooms, serial_shops, shop, st_stairs_12
D:5:      layout_basic, uniq_ijyb
D:6:      cheibrodos_quashed, layout_gridville, serial_shops,
          nicolae_shop_hallway_plus

Skill      XL: |  1  2  3  4  5  6  7  8 |
---------------+-------------------------+-----
Fire Magic     | 3 |  3.0
Unarmed Combat | 3 5 6 7 |  7.1
Evocations     | 4 6 |  6.1
Fighting       | 4 |  4.5
Long Blades    | |  0.4
Spellcasting   | |  1.5

Action                   |  1- 3 |  4- 6 |  7- 9 || total
-------------------------+-------+-------+-------++-------
Melee: Unarmed           |   101 |    87 |    76 ||   264
       Long sword        |    21 |       |       ||    21
       Punch             |     1 |     4 |     6 ||    11
 Cast: Scorch            |     5 |    18 |    11 ||    34
  Use: Scroll            |     6 |     9 |       ||    15
       Potion            |       |     1 |     4 ||     5
 Stab: Sleeping          |     1 |     1 |       ||     2
Armor: Robe              |    26 |       |       ||    26
       Ring mail         |       |    11 |    30 ||    41
Dodge: Dodged            |    69 |    37 |    34 ||   140
Block: Other             |    11 |    19 |    23 ||    53

Table legend: (Time is in decaauts)
 A = Elapsed time spent in this place.
 B = Non-inter-level travel time spent in this place.
 C = Inter-level travel time spent in this place.
 D = Time resting spent in this place.
 E = Time spent auto-exploring this place.
 F = Levels seen in this place.
 G = Mean time per level.
                   A        B        C        D        E       F      G
               +--------+--------+--------+--------+--------+-----+--------+
         Total |   6602 |   6366 |    236 |    704 |   4898 |   6 | 1100.3 |
       Dungeon |   6602 |   6366 |    236 |    704 |   4898 |   6 | 1100.3 |
               +--------+--------+--------+--------+--------+-----+--------+

Top non-repeatable levels by time:
     D:3: 1588 daAuts
     D:1: 1565 daAuts
     D:2: 1142 daAuts
     D:5: 1071 daAuts
     D:6: 742 daAuts
     D:4: 491 daAuts
